 Dungeon Crawl Stone Soup version 0.25.1-8-g42b30a86e7 (webtiles) character file.

Game seed: 2683475459428222801

200523 DearestLeader the Executioner (level 17, -1/150 HPs)
             Began as a Minotaur Berserker on Nov 29, 2020.
             Was a High Priest of Trog.
             Slain by a wolf spider (18 damage)
             ... on level 4 of the Spider Nest on Nov 30, 2020.
             The game lasted 01:36:53 (45561 turns).

DearestLeader the Executioner (Minotaur Berserker) Turns: 45561, Time: 01:36:53

Health: -1/150     AC: 22    Str: 28    XL:     17   Next: 88%
Magic:  9/16       EV:  9    Int:  4    God:    Trog [*****.]
Gold:   2096       SH:  0    Dex: 13    Spells: 16/16 levels left

rFire    . . .     SeeInvis .   Z - +4 executioner's axe of the Salmon {vorpal, Dex+2}
rCold    + . .     Gourm    .   (shield currently unavailable)
rNeg     . . .     Faith    .   s - +0 swamp dragon scales
rPois    +         Spirit   .   T - +1 hat
rElec    .         Reflect  +   j - +2 cloak
rCorr    .         Harm     .   p - +0 pair of gloves
MR       ++++.                  n - +2 pair of boots
Stlth    +.........             w - amulet of reflection
HPRegen  1.35/turn              E - ring of protection from magic
MPRegen  0.15/turn              u - ring of protection from cold

@: lethally poisoned (-1 -> -9), berserk cooldown, held, regenerating, slowed,
very slow
A: retaliatory headbutt, horns 2
}: 1/15 runes: decaying
a: Berserk, Trog's Hand, Brothers in Arms, Renounce Religion


You were on level 4 of the Spider Nest.
You worshipped Trog.
Trog was extremely pleased with you.
You were near starving.

You visited 5 branches of the dungeon, and saw 31 of its levels.

You collected 3106 gold pieces.
You spent 1010 gold pieces at shops.

Inventory:

Hand Weapons
 y - a +4 executioner's axe of flaming
 B - a +0 shortbow of freezing
 W - a +2 antimagic battleaxe
 Z - the +4 executioner's axe of the Salmon (weapon) {vorpal, Dex+2}
   (Trog gifted it to you on level 1 of the Orcish Mines)

   It inflicts extra damage upon your enemies.
   It affects your dexterity (+2).
Missiles
 C - 684 arrows
Armour
 j - a +2 cloak (worn)
 n - a +2 pair of boots (worn)
 p - a +0 pair of gloves (worn)
 s - +0 swamp dragon scales (worn)
 T - a +1 hat (worn)
 X - a +3 plate armour of fire resistance
Jewellery
 a - an uncursed ring of positive energy
 o - an uncursed ring of flight
 u - a ring of protection from cold (right hand)
 w - an amulet of reflection (around neck)
 A - an uncursed ring of magical power
 E - a ring of protection from magic (left hand)
 Q - the amulet "Uveliu" {RegenMP rC+ Dex-4 Slay+2}
   (You found it on level 6 of the Lair of Beasts)

   [amulet of magic regeneration]

   It increases your magic regeneration.
   It affects your dexterity (-4).
   It affects your accuracy and damage with ranged weapons and melee attacks
   (+2).
   It protects you from cold.
Wands
 x - a wand of enslavement (18)
 z - a wand of disintegration (3)
 D - a wand of iceblast (18)
 F - a wand of polymorph (13)
 P - a wand of paralysis (12)
 R - a wand of acid (13)
 U - a wand of digging (5)
Scrolls
 e - 12 scrolls of remove curse
 f - 2 scrolls of acquirement {unknown}
 k - a scroll of summoning
 l - 6 scrolls of magic mapping
 q - 2 scrolls of silence
 t - 3 scrolls of fog
 v - 5 scrolls of teleportation
 H - 7 scrolls of fear
 I - 4 scrolls of blinking
 K - 2 scrolls of brand weapon
Potions
 b - 4 potions of heal wounds
 d - 4 potions of cancellation
 g - 9 potions of curing
 h - 8 potions of flight
 i - a potion of resistance {unknown}
 m - 3 potions of stabbing
 r - a potion of ambrosia {unknown}
 G - 7 potions of haste
 J - 4 potions of mutation
 L - 3 potions of lignification {unknown}
 M - 5 potions of invisibility
 O - a potion of might
Comestibles
 c - 33 rations
 N - 3 chunks of flesh


   Skills:
 + Level 13.4 Fighting
 * Level 24.1(24.2) Axes
   Level 3.0(16.8) Maces & Flails
 + Level 13.0 Bows
 + Level 16.4 Armour
 + Level 11.9 Dodging


You had 16 spell levels left.
You didn't know any spells.
Your spell library was empty.

Dungeon Overview and Level Annotations

Branches:
Dungeon (15/15)            Temple (0/1) D:4            Lair (6/6) D:8
  Swamp (4/4) Lair:2       Spider (4/4) Lair:4        Slime (0/5) Lair:5
    Orc (2/2) D:12            Elf (0/3) Orc:2        Vaults (0/5) D:13
 Depths (0/5) D:15

Altars:
Cheibriados
Dithmenos
Elyvilon
Fedhas
Ru
Sif Muna
Beogh
Jiyva

Shops:
D:4 %   D:6 [   D:11 [   D:12 :   D:14 !   Orc:2 (*?[:

Portals:
Trove: D:13 (give +2 shadow dragon scales)

Annotations:
D:13 1 runed translucent door, Jaiqata's ghost, journeyman SpEn
Lair:2 exclusion: oklob plant
Spider:4 Arachne


Innate Abilities, Weirdness & Mutations

You reflexively headbutt those who attack you in melee.
You have a pair of horns on your head.


Message History

The wolf spider misses you. You furiously retaliate!
You headbutt the wolf spider, but do no damage.
The wolf spider misses you.
You feel much better.
You feel very sick.
Arachne casts a spell.
Arachne blinks!
The wolf spider hits you!
* * * LOW HITPOINT WARNING * * *
The wolf spider completely misses you. The wolf spider misses you.
You furiously retaliate!
You headbutt the wolf spider, but do no damage.
The wolf spider bites you but does no damage.
You slice the wolf spider like a ripe choko!!!
You kill the wolf spider!
Trog accepts your kill.
You feel very sick.
Arachne points her staff at you, shooting a stream of webbing.
The stream of webbing hits you but does no damage.
You are caught in a web!
The wolf spider hits you!!
You die...

#### ####
##^.###...
#^....#...
#..#.....#
#..#....##
##..######
##############^..#
#.†.††s@...H....##
#)#############..#
#†# #### #.s.#
..H#..# .... .#.#
... ○.s## ^. ....
. s°. . #


You could see Arachne and a wolf spider.

Vanquished Creatures
  Jorgrun (Spider:3)
  Rupert (D:13)
  Frances (D:13)
  Agnes (Spider:4)
  Kirke (Lair:5)
  A thorn hunter (Swamp:3)
  Donald (Spider:3)
  An orc warlord (Orc:2)
  5 emperor scorpions
  A ghost moth (Spider:4)
  A very ugly thing (Swamp:1)
  4 entropy weavers
  Nessos (D:13)
  4 dire elephants (Lair:6)
  Azrael (Spider:2)
  Snorg (D:12)
  An ettin (D:15)
  20 hydras
  Fannar (D:12)
  The ghost of Cazemata the Warrior, a novice MiBe of Trog (D:8)
  2 ghost crabs (Swamp:4)
  3 shambling mangroves
  Harold (Lair:2)
  An anaconda (Lair:6)
  2 centaur warriors (D:15)
  2 death knights (D:15)
  5 two-headed ogres
  5 alligators
  5 death yaks (Lair:2)
  3 tengu warriors
  An ogre mage (D:13)
  2 orc high priests (Orc:2)
  Urug (D:13)
  A skeletal warrior (D:15)
  A hell knight (D:15)
  4 unseen horrors
  A spriggan druid (Swamp:3)
  A wizard (D:15)
  A lindwurm (Lair:6)
  8 swamp dragons
  A deep elf archer (D:15)
  7 orc knights
  A deep elf mage (D:15)
  4 cyclopes
  14 orb spiders
  26 wolf spiders
  4 orc sorcerers
  3 ugly things
  A moth of wrath (Spider:1)
  14 elephants
  2 manticores
  2 centaur zombies
  Maurice (D:13)
  4 centaur skeletons
  3 black mambas
  A torpor snail (Spider:3)
  19 spiny frogs
  2 gargoyles
  6 komodo dragons
  A yaktaur (D:15)
  2 kobold demonologists (D:14)
  2 rime drakes (Lair:4)
  2 efreet (D:13)
  8 demonic crawlers
  4 freezing wraiths (D:15)
  A tengu conjurer (D:14)
  A meliai (shapeshifter) (D:15)
  7 tyrant leeches
  25 jumping spiders
  10 trolls
  4 hornets
  Grinder (D:3)
  8 slime creatures
  A polar bear (shapeshifter) (D:14)
  3 bog bodies
  19 blink frogs
  7 hippogriffs
  27 tarantellas
  2 vampires
  66 redbacks
  3 shadows
  A tarantella (shapeshifter) (D:14)
  5 wraiths
  2 wyverns
  54 yaks
  3 fire elementals (Spider:3)
  15 humans
  7 basilisks
  5 hogs (Lair:5)
  4 hungry ghosts
  A steam dragon (D:8)
  19 vampire mosquitoes
  14 insubstantial wisps
  9 wargs
  13 swamp worms
  12 water moccasins
  13 porcupines
  3 hell hounds
  15 swamp drakes
  A black bear (D:10)
  An ice beast (D:10)
  A necrophage (D:11)
  32 orc warriors
  A phantom (D:10)
  5 sky beasts
  2 eyes of draining
  16 centaurs
  3 boggarts (D:12)
  16 ogres
  5 wolves
  5 big kobolds
  12 crocodiles
  18 bullfrogs
  A wyvern skeleton (D:9)
  A water moccasin skeleton (D:7)
  2 jellies
  35 scorpions
  20 killer bees
  An electric eel (Lair:2)
  4 wights (D:7)
  A howler monkey (D:4)
  8 crimson imps
  9 hounds
  20 orc priests
  2 bullfrog skeletons
  5 iguanas
  24 orc wizards
  Jessica (D:3)
  Ijyb (D:5)
  12 worker ants
  A hound zombie (D:7)
  Robin (D:2)
  10 gnolls
  17 adders
  2 howler monkey skeletons
  3 shadow imps
  4 oozes
  An adder skeleton (D:7)
  An adder zombie (D:9)
  2 worms (D:2)
  3 dart slugs
  4 leopard geckos
  106 orcs
  8 ball pythons
  5 giant cockroaches
  13 goblins
  8 hobgoblins
  8 jackals
  28 kobolds
  4 quokkas
  9 bats
  6 frilled lizards
  A jackal zombie (D:6)
  5 rats
  8 briar patches (Swamp:3)
  A fungus (Lair:1)
  4 plants (Lair:6)
1141 creatures vanquished.

Vanquished Creatures (collateral kills)
  the Lernaean hydra (Swamp:4)
  2 hydras (Swamp:4)
  The ghost of Clowwww the Cleaver, a novice DsGl of Okawaru (D:8)
  The ghost of Cazemata the Severer, a novice MiBe of Trog (D:8)
  An orc knight (Orc:2)
  An orc sorcerer (Orc:2)
  A cyclops (Orc:2)
  The ghost of Thomus the Cleaver, a novice HOFi (D:8)
  A troll (Orc:2)
  A jumping spider (Spider:4)
  A warg (Orc:2)
  4 orc warriors (Orc:2)
  3 orc wizards (Orc:2)
  5 orcs (Orc:2)
24 creatures vanquished.

Vanquished Creatures (others)
  3 orb spiders
  A bog body (Swamp:3)
  20 fungi
  3 plants
  2 withered plants (D:8)
29 creatures vanquished.

Grand Total: 1194 creatures vanquished

Notes
Turn   | Place    | Note
-------+----------+-------------------------------------------
     0 | D:1      | DearestLeader the Minotaur Berserker began the quest for
                  | the Orb.
     0 | D:1      | Reached XP level 1. HP: 19/19 MP: 0/0
   110 | D:1      | Reached skill level 4 in Axes
   184 | D:1      | Reached XP level 2. HP: 15/26 MP: 1/1
  1080 | D:2      | Reached skill level 5 in Axes
  1113 | D:2      | Reached XP level 3. HP: 31/31 MP: 2/2
  1273 | D:2      | Noticed Robin
  1281 | D:2      | Reached ** piety under Trog
  1283 | D:2      | Killed Robin
  1290 | D:2      | Reached XP level 4. HP: 39/39 MP: 3/3
  1745 | D:2      | Reached skill level 6 in Axes
  2054 | D:3      | Found a faded altar of an unknown god.
  2114 | D:3      | Noticed Grinder
  2137 | D:2      | Found a blossoming altar of Fedhas.
  2176 | D:3      | Killed Grinder
  2176 | D:3      | Reached skill level 7 in Axes
  2176 | D:3      | Reached XP level 5. HP: 32/47 MP: 4/4
  2176 | D:3      | Reached XP level 6. HP: 36/53 MP: 5/5
  2485 | D:3      | Found a sacrificial altar of Ru.
  2781 | D:3      | Reached *** piety under Trog
  2961 | D:3      | Noticed Jessica
  2968 | D:3      | Killed Jessica
  3524 | D:4      | Reached skill level 5 in Fighting
  3557 | D:4      | Reached skill level 8 in Axes
  3557 | D:4      | Reached XP level 7. HP: 59/61 MP: 6/6
  3579 | D:4      | Reached skill level 5 in Armour
  3835 | D:4      | Found a staircase to the Ecumenical Temple.
  3931 | D:4      | Found Peawk's Food Shop.
  4218 | D:4      | Reached **** piety under Trog
  4218 | D:4      | Reached skill level 9 in Axes
  4703 | D:5      | Entered Level 5 of the Dungeon
  4715 | D:5      | Found a blossoming altar of Fedhas.
  4799 | D:5      | Reached XP level 8. HP: 37/68 MP: 7/7
  4956 | D:5      | Noticed Ijyb
  4960 | D:5      | Killed Ijyb
  5510 | D:6      | Reached skill level 1 in Bows
  5560 | D:6      | Found a white marble altar of Elyvilon.
  5677 | D:6      | Reached skill level 1 in Maces & Flails
  5808 | D:6      | You fall into a shaft and drop 1 floor!
  5817 | D:7      | Reached skill level 10 in Axes
  6098 | D:7      | Reached XP level 9. HP: 68/74 MP: 8/8
  6154 | D:7      | Reached skill level 11 in Axes
  6651 | D:6      | Reached ***** piety under Trog
  6678 | D:6      | Found Maddaqa's Antique Armour Emporium.
  6684 | D:6      | Bought a glowing chain mail for 232 gold pieces
  7062 | D:8      | Reached skill level 12 in Axes
  7062 | D:8      | Reached skill level 5 in Bows
  7185 | D:8      | Found a staircase to the Lair.
  7213 | D:8      | Reached XP level 10. HP: 81/81 MP: 9/9
  7235 | D:8      | Found a runed translucent gate.
  7235 | D:8      | Found a runed translucent gate.
  7307 | D:8      | Found a runed translucent gate.
  7482 | D:8      | Reached skill level 13 in Axes
  7868 | D:8      | Noticed a two-headed ogre
  7877 | D:8      | Killed a two-headed ogre
  8069 | D:8      | Noticed Cazemata's ghost (novice MiBe)
  8069 | D:8      | Noticed Cazemata's ghost (novice MiBe)
  8070 | D:8      | Noticed Clowwww's ghost (novice DsGl)
  8070 | D:8      | Noticed Thomus's ghost (novice HOFi)
  8203 | D:8      | Reached skill level 10 in Armour
  9025 | D:9      | Reached skill level 14 in Axes
  9559 | D:9      | Reached XP level 11. HP: 87/88 MP: 10/10
  9729 | D:10     | Entered Level 10 of the Dungeon
  9844 | D:10     | Noticed a two-headed ogre
  9850 | D:10     | Killed a two-headed ogre
 10019 | D:10     | Reached ****** piety under Trog
 10128 | D:10     | Received a gift from Trog
 10206 | D:10     | Killed an unseen horror
 10206 | D:10     | Reached skill level 15 in Axes
 11196 | Lair:1   | Entered Level 1 of the Lair of Beasts
 12451 | Lair:1   | Reached XP level 12. HP: 73/97 MP: 11/11
 12463 | Lair:1   | Reached skill level 16 in Axes
 13334 | Lair:2   | Noticed a death yak
 13369 | Lair:2   | Killed a death yak
 13574 | Lair:2   | Found a staircase to the Swamp.
 13872 | Lair:2   | Noticed a death yak
 13875 | Lair:2   | Noticed a death yak
 13880 | Lair:2   | Noticed a death yak
 13880 | Lair:2   | Noticed a death yak
 13889 | Lair:2   | Killed a death yak
 13892 | Lair:2   | Killed a death yak
 13898 | Lair:2   | Killed a death yak
 13900 | Lair:2   | Killed a death yak
 14108 | Lair:2   | Noticed Harold
 14115 | Lair:2   | Killed Harold
 14946 | Lair:2   | Reached skill level 10 in Bows
 15181 | Lair:3   | You fall into a shaft and drop 2 floors!
 15196 | Lair:5   | Noticed Kirke
 15215 | Lair:5   | Killed Kirke
 15215 | Lair:5   | Received a gift from Trog
 15215 | Lair:5   | Reached skill level 5 in Dodging
 15216 | Lair:5   | Reached skill level 17 in Axes
 15469 | Lair:4   | Reached XP level 13. HP: 108/108 MP: 12/12
 16575 | Lair:4   | Found a hole to the Spider Nest.
 17923 | Lair:5   | Found a viscous altar of Jiyva.
 17924 | Lair:5   | Found a staircase to the Slime Pits.
 18087 | Lair:6   | Entered Level 6 of the Lair of Beasts
 18340 | Lair:6   | Received a gift from Trog
 19771 | Lair:6   | Reached skill level 18 in Axes
 19778 | Lair:6   | Got a slimy lead amulet
 19780 | Lair:6   | Identified the amulet "Uveliu" {RegenMP rC+ Dex-4 Slay+2}
                  | (You found it on level 6 of the Lair of Beasts)
 19788 | Lair:6   | Noticed a dire elephant
 19788 | Lair:6   | Noticed a dire elephant
 19795 | Lair:6   | Noticed a dire elephant
 19806 | Lair:6   | Killed a dire elephant
 19812 | Lair:6   | Killed a dire elephant
 19822 | Lair:6   | Killed a dire elephant
 20060 | Lair:6   | Noticed a dire elephant
 20081 | Lair:6   | Killed a dire elephant
 20255 | D:8      | Killed Cazemata's ghost
 20258 | D:8      | Killed Clowwww's ghost
 20260 | D:8      | Killed Thomus's ghost
 20266 | D:8      | Killed Cazemata's ghost
 20266 | D:8      | Reached skill level 10 in Fighting
 20266 | D:8      | Reached XP level 14. HP: 121/121 MP: 13/13
 20727 | D:11     | Found Vorairu's Antique Armour Shop.
 20769 | D:11     | Bought a glowing plate armour for 520 gold pieces
 21043 | D:11     | Found a snail-covered altar of Cheibriados.
 21707 | D:12     | Found a roughly hewn altar of Beogh.
 21733 | D:12     | Received a gift from Trog
 22217 | D:12     | Noticed Snorg
 22228 | D:12     | Killed Snorg
 22234 | D:12     | Got a shimmering great sword
 22251 | D:12     | Identified the +6 great sword of the Lonely Defenders
                  | {vorpal, rC+ Int+6 Dex-5 SInv} (You found it on level 12 of
                  | the Dungeon)
 22383 | D:12     | Noticed Fannar
 22394 | D:12     | Killed Fannar
 22458 | D:12     | Found Ykloenn's Book Shop.
 22684 | D:12     | Found a staircase to the Orcish Mines.
 22689 | Orc:1    | Entered Level 1 of the Orcish Mines
 22891 | Orc:2    | Entered Level 2 of the Orcish Mines
 22891 | Orc:2    | Found Quukioca's Antique Weapon Shoppe.
 22909 | Orc:1    | HP: 5/121 [orc warrior/+0 dire flail (6)]
 23149 | Orc:2    | Noticed an orc warlord
 23177 | Orc:2    | Killed an orc warlord
 23180 | Orc:2    | Found Gywiranol's Antique Armour Emporium.
 23288 | Orc:1    | Received a gift from Trog
 23293 | Orc:1    | Got a pitted executioner's axe {god gift}
 23293 | Orc:1    | Identified the +4 executioner's axe of the Salmon {vorpal,
                  | Dex+2} (Trog gifted it to you on level 1 of the Orcish
                  | Mines)
 23719 | Orc:1    | Reached skill level 19 in Axes
 24017 | Orc:2    | Found Banlaykh's Magic Scroll Shoppe.
 24472 | Orc:2    | Bought a scroll of teleportation for 33 gold pieces
 24528 | Orc:2    | Found a staircase to the Elven Halls.
 24556 | Orc:2    | Found Gaanole's Book Emporium.
 24661 | Orc:2    | Found Aweor's General Store.
 24972 | Orc:2    | Bought a scroll of blinking for 105 gold pieces
 25168 | D:13     | Found a gate to the Vaults.
 25168 | D:13     | Noticed Rupert
 25168 | D:13     | Noticed Nessos
 25223 | D:13     | Reached skill level 20 in Axes
 25392 | D:13     | Killed Rupert
 25713 | D:13     | Reached XP level 15. HP: 126/126 MP: 4/14
 25727 | D:13     | Received a gift from Trog
 25890 | D:13     | Noticed Frances
 25903 | D:13     | Killed Nessos
 25906 | D:13     | Killed Frances
 25987 | D:13     | Found a runed translucent door.
 25987 | D:13     | Noticed Jaiqata's ghost (journeyman SpEn)
 26068 | D:13     | Noticed Urug
 26079 | D:13     | Killed Urug
 26282 | D:13     | Found a shimmering blue altar of Sif Muna.
 26288 | D:13     | Noticed Maurice
 26294 | D:13     | Killed Maurice
 26313 | D:13     | Found a portal to a secret trove of treasure.
 26423 | D:13     | Reached skill level 21 in Axes
 27017 | D:14     | Found Ynuwn's Distillery.
 27026 | D:14     | Bought a potion of curing for 45 gold pieces
 27026 | D:14     | Bought a potion of heal wounds for 75 gold pieces
 27212 | D:14     | Got an ancient marble ring
 27216 | D:14     | Lost intelligence.
 27216 | D:14     | Identified the cursed ring "Hommeud" {rPois AC-4 Str+2
                  | Int-5 Slay+2} (You found it on level 14 of the Dungeon)
 27752 | D:15     | Entered Level 15 of the Dungeon
 28646 | D:15     | Received a gift from Trog
 28728 | D:15     | Found a staircase to the Depths.
 29174 | D:15     | Reached skill level 22 in Axes
 30090 | D:15     | Found a shadowy altar of Dithmenos.
 30263 | Swamp:1  | Entered Level 1 of the Swamp
 30409 | Swamp:1  | Got a jewelled plate armour
 30419 | Swamp:1  | Identified the +0 plate armour of Hopscotch {Harm +Blink
                  | rElec rF+} (You found it on level 1 of the Swamp)
 30438 | Swamp:1  | Got a bloodstained morningstar
 30438 | Swamp:1  | Identified the +9 morningstar of Besiklitz {venom, rElec
                  | rC+ rN+ SInv} (You found it on level 1 of the Swamp)
 31413 | Swamp:1  | Received a gift from Trog
 31449 | Swamp:1  | Got a glimmering war axe
 31449 | Swamp:1  | Identified the cursed +0 war axe of the Badger {venom, rN+
                  | Stlth+} (You found it on level 1 of the Swamp)
 31990 | Swamp:2  | Reached XP level 16. HP: 129/137 MP: 15/15
 33920 | Swamp:3  | Received a gift from Trog
 33998 | Swamp:3  | Reached skill level 15 in Armour
 34269 | Swamp:3  | Noticed a thorn hunter
 34287 | Swamp:3  | Killed a thorn hunter
 34287 | Swamp:3  | Reached skill level 10 in Dodging
 34299 | Swamp:3  | Got a pair of translucent boots
 34319 | Swamp:3  | Identified the -6 pair of boots of Xayshryp {rC+ Str+4}
                  | (You found it on level 3 of the Swamp)
 35045 | Swamp:4  | Entered Level 4 of the Swamp
 36228 | Swamp:3  | Upgraded the game from 0.25.1-4-g9407a263a5 to
                  | 0.25.1-8-g42b30a86e7
 36651 | Swamp:4  | Noticed the 27-headed Lernaean hydra
 36980 | Swamp:4  | Reached skill level 23 in Axes
 37016 | Swamp:4  | Killed the 26-headed Lernaean hydra
 37582 | Swamp:4  | Got a decaying rune of Zot
 37983 | Spider:1 | Entered Level 1 of the Spider Nest
 39886 | Spider:2 | Reached XP level 17. HP: 125/148 MP: 16/16
 40179 | Spider:2 | Received a gift from Trog
 41771 | Spider:3 | Noticed Azrael
 41987 | Spider:2 | Killed Azrael
 42489 | Spider:3 | Noticed Donald
 42498 | Spider:3 | Killed Donald
 42521 | Spider:3 | Received a gift from Trog
 44137 | Spider:3 | Noticed Jorgrun
 44154 | Spider:3 | Killed Jorgrun
 44286 | Spider:3 | Reached skill level 24 in Axes
 44593 | Spider:4 | Entered Level 4 of the Spider Nest
 44593 | Spider:4 | Noticed Agnes
 44604 | Spider:4 | Killed Agnes
 45509 | Spider:4 | Received a gift from Trog
 45515 | Spider:4 | Noticed Arachne
 45561 | Spider:4 | Slain by a wolf spider

Illustrated notes

Levels and vault maps discovered:
D:1:      dpeg_arrival_renting, layout_basic, serial_forest,
          infiniplex_forest_clump_small, infiniplex_forest_lined_3,
          infiniplex_forest_diagonal, infiniplex_forest_straight_2,
          infiniplex_forest_clump_long, infiniplex_forest_clump_long,
          minmay_quantized
D:2:      lemuel_upstairs_altar, layout_rooms, first_ration, uniq_robin
D:3:      layout_loops_ring, nicolae_ru_the_path_less_chosen, serial_rivers,
          chequers_serial_rivers_small_3, chequers_serial_rivers_small_3,
          chequers_serial_rivers_micro_a, chequers_serial_rivers_small_3,
          chequers_ecumenical_altar_simple, minmay_door_square,
          minmay_shallow_snake_nest, uniq_grinder, uniq_jessica
D:4:      layout_gridville, minmay_temple_entry_hall, serial_shops,
          nicolae_shop_trees
D:5:      layout_loops_ring, basic_altar, uniq_ijyb
D:6:      layout_cave_pods, serial_shops, nicolae_shop_stone,
          lemuel_altar_in_water
D:7:      layout_rooms
D:8:      layout_basic, minmay_lair_entry_grove, gammafunk_ghost_cemetery
D:9:      layout_loops_cross
D:10:     layout_roguey
D:11:     layout_gridville, serial_shops, nicolae_shop_waterfront, basic_altar
D:12:     layout_long_grid, hiddenorc1_lemuel, special_room [special_room_orc],
          serial_shops, shop, uniq_snorg, uniq_fannar
D:13:     layout_small_grid, david_vaults_3, basic_altar, enter_trove_3,
          ebering_ghost_inner_flame, grunt_ogre_cave, minivault_11,
          hangedman_glass_teeth, minmay_checkerbox, uniq_maurice, uniq_urug,
          uniq_frances
D:14:     layout_roguey, serial_shops, shop
D:15:     hangedman_depths_entry_civil_slaughter, layout_basic,
          grunt_dithmenos_smoke_and_mirrors
Lair:1:   layout_hall_layers, grunt_megastairs_3, serial_bayou_shore_b
Lair:2:   layout_chaotic_city, swamp_mist_pool, minmay_lair_oklob_chamber,
          uniq_harold
Lair:3:   layout_gridlike, beast_lair_carwin_8
Lair:4:   layout_misc_corridors, dummy_spider_entry, serial_bayou_crossing
Lair:5:   layout_regular_city, dpeg_slime_entry_enclosed_altar, serial_rivers,
          chequers_serial_rivers_room_b, chequers_serial_rivers_room_b,
          chequers_serial_rivers_large_a, chequers_serial_rivers_room_a,
          uniq_kirke
Lair:6:   due_jungle_book, layout_small_grid, minivault_23, lemuel_fruit_tree,
          grunt_megastairs_1
Swamp:1:  layout_basic_swamp, hangedman_swamp_ruin_wall,
          infiniplex_staircase_pool_2
Swamp:2:  layout_basic_swamp, evilmike_swamp_ruin_house_5
Swamp:3:  layout_basic_swamp, hangedman_swamp_pad, infiniplex_staircase_pool
Swamp:4:  swamp_old_school, layout_basic_swamp, swamp_pool5
Spider:1: layout_spider_delve
Spider:2: layout_spider_delve, guppyfry_spider_mini_3
Spider:3: spiders_nest_a, nicolae_orb_island, uniq_donald, uniq_jorgrun,
          uniq_azrael
Spider:4: guppyfry_spider_rune, nicolae_arachne_temple, uniq_nikola, uniq_agnes
Orc:1:    layout_caves, minmay_orc_keep
Orc:2:    grunt_orc_gardens, layout_diamond_mine, grunt_orc_garden,
          grunt_orc_garden, grunt_orc_garden, grunt_orc_garden, serial_shops,
          shop, uniq_rupert

Skill      XL: |  1  2  3  4  5  6  7  8  9 10 11 12 13 14 15 16 17 |
---------------+----------------------------------------------------+-----
Axes           | 4 5 7 8 9 10 12 14 15 17 18 20 22 23 24 | 24.1
Armour         | 3 4 6 7 9 10 11 12 13 14 15 16 | 16.4
Fighting       | 4 5 6 8 10 11 12 13 | 13.4
Bows           | 3 5 7 9 10 11 12 13 | 13.0
Maces & Flails | 2 3 |  3.0
Dodging        | 5 7 8 9 10 11 | 11.9

Action                   |  1- 3 |  4- 6 |  7- 9 | 10-12 | 13-15 | 16-18 || total
-------------------------+-------+-------+-------+-------+-------+-------++-------
Melee: Hand axe          |    69 |   131 |   171 |   237 |     5 |       ||   613
       Headbutt          |    12 |    24 |    59 |   140 |   308 |   161 ||   704
       Flail             |       |     3 |   112 |       |       |       ||   115
       War axe           |       |       |       |   383 |   426 |       ||   809
       Broad axe         |       |       |       |    18 |    66 |       ||    84
       Battleaxe         |       |       |       |       |   768 |    89 ||   857
       Morningstar       |       |       |       |       |   100 |    64 ||   164
       Executioner's axe |       |       |       |       |    29 |   636 ||   665
 Fire: Shortbow          |       |       |       |    10 |    18 |    43 ||    71
Invok: Berserk           |     1 |     2 |     2 |     7 |    11 |     7 ||    30
       Trog's Hand       |       |     2 |     1 |     3 |     5 |     4 ||    15
       Brothers in Arms  |       |       |       |       |     4 |     3 ||     7
Evoke: Wand              |       |       |       |       |       |    19 ||    19
  Use: Scroll            |     1 |       |     6 |     7 |    15 |     5 ||    34
       Potion            |       |       |     1 |       |     2 |     7 ||    10
 Stab: Distracted        |       |       |       |       |     1 |     1 ||     2
       Confused          |       |       |       |       |       |     1 ||     1
  Eat: Chunk             |     1 |    11 |    14 |    26 |    50 |    21 ||   123
       Ration            |       |       |       |     2 |     6 |     9 ||    17
Armor: Animal skin       |     1 |       |       |       |       |       ||     1
       Leather armour    |     6 |       |       |       |       |       ||     6
       Ring mail         |    10 |    42 |       |       |       |       ||    52
       Chain mail        |       |     7 |   138 |   275 |   173 |       ||   593
       Plate armour      |       |       |       |       |   485 |   179 ||   664
       Swamp dragon scal |       |       |       |       |       |   356 ||   356
Dodge: Dodged            |    46 |    90 |    97 |   172 |   478 |   669 ||  1552
Block: Other             |       |       |    46 |    97 |   260 |   200 ||   603
       Reflection        |       |       |     2 |     3 |    19 |     1 ||    25
